 Dungeon Crawl Stone Soup version bcrawl-1.22 (webtiles) character file.

Game seed: 3190773709117222672

3264 pasperui the Nimble (level 10, -6/80 HPs)
             Began as a Gnoll Reaver on May 13, 2020.
             Was a Priest of Vehumet.
             Mangled by a red ugly thing (16 damage)
             ... on level 7 of the Dungeon.
             The game lasted 00:30:20 (8121 turns).

pasperui the Nimble (Gnoll Reaver)                  Turns: 8121, Time: 00:30:20

Health: -6/80      AC:  7    Str: 21    XL:     10   Next: 0%
Magic:  19/20      EV: 17    Int: 19    God:    Vehumet [***...]
Gold:   584        SH:  5    Dex: 13    Spells: 18/22 levels left

rFire    . . .     SeeInvis .   l - +3 dagger (venom)
rCold    . . .     Gourm    .   h - +0 buckler
rNeg     . . .     Faith    .   b - +0 steam dragon scales
rPois    +         Spirit   .   V - +0 hat {Int+3}
rElec    .         Reflect  .   X - scarf {repulsion}
rCorr    .         Harm     .   m - +0 pair of gloves
MR       .....                  (no boots)
Stlth    +++.......             (no amulet)
HPRegen  0.23/turn              C - ring of poison resistance
MPRegen  0.17/turn              M - +3 ring of strength

@: about to teleport, repel missiles
A: distributed training, fangs 1, strong nose
a: Renounce Religion


You were on level 7 of the Dungeon.
You worshipped Vehumet.
Vehumet was most pleased with you.
You were hungry.

You visited 1 branch of the dungeon, and saw 7 of its levels.

You collected 584 gold pieces.

Inventory:

Hand Weapons
 a - a +0 long sword
 l - a +3 dagger of venom (weapon)
 J - a +3 spear
 W - a +4 great sword of freezing
Missiles
 i - 1441 stones (quivered)
 u - 143 bolts
 w - 1225 sling bullets
 D - 90 arrows
 E - 159 tomahawks
 F - 88 poisoned needles
Armour
 b - +0 steam dragon scales (worn)
 h - a +0 buckler (worn)
 m - a +0 pair of gloves (worn)
 L - a +1 hat of magic resistance
 V - a +0 hat of intelligence (worn)
 X - a scarf of repulsion (worn)
Magical Staves
 B - an uncursed staff of power
Jewellery
 y - a +3 ring of dexterity
 A - an uncursed ring of protection from fire
 C - a ring of poison resistance (left hand)
 M - a +3 ring of strength (right hand)
 P - an uncursed ring of ice
 U - an uncursed ring of teleportation
Wands
 G - a wand of polymorph (7)
 I - a wand of flame (17)
 N - a wand of iceblast (5)
 R - a wand of paralysis (6)
Scrolls
 c - 3 scrolls of amnesia {unknown}
 d - a scroll of immolation
 f - 3 scrolls of teleportation
 g - 7 scrolls of identify {unknown}
 k - a scroll of blinking {unknown}
 n - 4 scrolls of remove curse
 q - a scroll of magic mapping {unknown}
 v - 3 scrolls of noise {unknown}
 H - 2 scrolls of fog {unknown}
 K - a scroll of enchant armour {unknown}
 Q - a scroll of acquirement {unknown}
 T - a scroll of vulnerability {unknown}
Potions
 j - a potion of resistance {unknown}
 o - a potion of cancellation {unknown}
 p - 7 potions of curing
 r - a potion of magic {unknown}
 s - 2 potions of might {unknown}
 t - a potion of mutation {unknown}
 x - a potion of ambrosia {unknown}
 z - a potion of degeneration {unknown}
 O - a potion of flight {unknown}
 S - 2 potions of brilliance {unknown}
Comestibles
 e - 16 rations {!d}


   Skills:
 + Level 8.1 Fighting
 + Level 4.7 Short Blades
 + Level 8.1 Long Blades
 + Level 4.7 Axes
 + Level 4.7 Maces & Flails
 + Level 4.7 Polearms
 + Level 4.7 Staves
 + Level 4.7 Slings
 + Level 4.7 Bows
 + Level 4.7 Crossbows
 + Level 4.7 Throwing
 + Level 4.7 Armour
 + Level 8.1 Dodging
 + Level 4.7 Stealth
 + Level 4.7 Shields
 + Level 4.7 Unarmed Combat
 + Level 6.9 Spellcasting
 + Level 3.9 Conjurations
 + Level 3.9 Hexes
 + Level 3.9 Charms
 + Level 3.9 Summonings
 + Level 3.9 Necromancy
 + Level 3.9 Translocations
 + Level 3.9 Transmutations
 + Level 3.9 Fire Magic
 + Level 3.9 Ice Magic
 + Level 3.9 Air Magic
 + Level 3.9 Earth Magic
 + Level 3.9 Poison Magic
 + Level 5.1 Invocations
 + Level 4.7 Evocations


You had 18 spell levels left.
You knew the following spells:

 Your Spells              Type           Power        Failure   Level  Hunger
a - Flame Tongue          Conj/Fire      ###..        1%          1    None
b - False Image           Hex/Summ       ###.....     6%          3    #......

Your spell library contained the following spells:

 Spells                   Type           Power        Failure   Level  Hunger
 Fulminant Prism          Conj/Hex       ###.......   5%          4    ###....
 Corona                   Hex            ###....      1%          1    None
 Dazzling Spray           Conj/Hex       ###...       1%          3    #......
 Inner Flame              Hex/Fire       N/A          1%          3    #......
 Ensorcelled Hibernation  Hex/Ice        ###...       3%          2    None
 Shackle                  Hex            ###.....     3%          2    None
 Yara's Violent Unravell  Hex/Tmut       ###.......   5%          4    ###....
 Confuse                  Hex            ###.....     6%          3    #......
 Tukima's Dance           Hex            ###.....     6%          3    #......
 Iskenderun's Battlesphe  Conj/Chrm      ###.....     16%         5    #####..
 Cause Fear               Hex            ###.......   21%         4    ###....
 Petrify                  Tmut/Erth      ###.....     21%         4    ###....
 Metabolic Englaciation   Hex/Ice        ###.......   50%         5    #####..
 Mana Rupture             Conj/Hex       ###.......   98%         7    #######


Dungeon Overview and Level Annotations

Branches:
Dungeon (7/12)             Temple (0/1) D:4
   Lair: D:7-9

Altars:
Ashenzari
Cheibriados
Fedhas
Gozag
Okawaru
Sif Muna
Trog
Wu Jian
Yredelemnul
Zin

Shops:
D:7 [


Innate Abilities, Weirdness & Mutations

Your experience applies equally to all skills.
You have very sharp teeth.
Your uncanny sense of smell can sniff out nearby items.


Message History

The red ugly thing pecks you!
You are engulfed in flames!
You closely miss the red ugly thing.
The red ugly thing is lightly wounded.
The red ugly thing closely misses you.
You hit the red ugly thing but do no damage.
The red ugly thing looks more poisoned.
The red ugly thing is lightly wounded.
The red ugly thing closely misses you.
You hit the red ugly thing.
The red ugly thing is lightly wounded.
The red ugly thing pecks you.
You are engulfed in flames!!
The red ugly thing closely misses you. The red ugly thing pecks you!
You are engulfed in flames!!
* * * LOW HITPOINT WARNING * * *
Okay, then.
As you read the scroll of teleportation, it crumbles to dust.
You feel strangely unstable. The red ugly thing pecks you.
* * * LOW HITPOINT WARNING * * *
You are engulfed in flames!
You die...

......###...###...............#
..###..###..............##..### .
##............#.....)#...## #
..###.......###.####..........###
.....@...##.##### #...........#.
...#......)>.# ##.............
.....###.##..### #..........#..#
.....#...###.##.###....<....##..#
#######.## #....@u...#.[.........
.####.#.## #.####....##.....##.).
..#...)).###..######...........##
.....[###.....#..###....#.##.....
..##.####.##..#.....#.#.####.....
..##. ....##...##..#....###.....
..#.. .........##...............
..#.. .........#................
.###. ..........................


You could see a red ugly thing.

Vanquished Creatures
  Pikel (D:5)
  Grinder (D:3)
  A hornet (D:7)
  Sigmund (D:4)
  Eustachio (D:5)
  A steam dragon (D:6)
  Menkaure (D:5)
  Edmund (D:5)
  Duvessa (D:7)
  A water moccasin (D:6)
  3 ice beasts
  A black bear (D:7)
  2 sky beasts
  A gnoll sergeant (D:6)
  Dowan (D:7)
  A scorpion (D:5)
  4 wights (D:7)
  2 howler monkeys
  A crimson imp (D:6)
  3 hounds (D:5)
  5 orc wizards
  2 centaur skeletons
  Ijyb (D:5)
  Terence (D:2)
  A hound zombie (D:4)
  2 hound skeletons
  3 gnolls (D:6)
  2 adders
  A shadow imp (D:7)
  An adder zombie (D:6)
  3 worms
  4 dart slugs
  2 leopard geckos
  12 orcs
  2 giant cockroaches
  14 goblins
  8 hobgoblins
  10 jackals
  12 kobolds
  2 quokkas
  3 ball pythons
  4 bats
  6 frilled lizards (D:1)
  4 rats
134 creatures vanquished.

Vanquished Creatures (others)
  A big kobold (D:6)
  A hound (D:6)
  A gnoll (D:6)
  A leopard gecko (D:6)
  3 kobolds (D:6)
  5 toadstools (D:4)
12 creatures vanquished.

Grand Total: 146 creatures vanquished

Notes
Turn   | Place    | Note
-------+----------+-------------------------------------------
     0 | D:1      | pasperui the Gnoll Reaver began the quest for the Orb.
     0 | D:1      | Reached XP level 1. HP: 23/23 MP: 6/6
   253 | D:1      | Reached XP level 2. HP: 29/29 MP: 7/7
   320 | D:1      | Reached * piety under Vehumet
   320 | D:1      | Offered knowledge of Flame Tongue by Vehumet.
   968 | D:2      | Reached XP level 3. HP: 35/35 MP: 9/9
   979 | D:2      | Found a basalt altar of Yredelemnul.
   979 | D:2      | Found an iron altar of Okawaru.
  1017 | D:2      | Reached skill level 5 in Spellcasting
  1150 | D:2      | Reached skill level 1 in Invocations
  1318 | D:2      | Learned a level 1 spell: Flame Tongue
  1344 | D:2      | Reached skill level 1 in Short Blades
  1344 | D:2      | Reached skill level 1 in Axes
  1344 | D:2      | Reached skill level 1 in Maces & Flails
  1344 | D:2      | Reached skill level 1 in Polearms
  1344 | D:2      | Reached skill level 1 in Staves
  1344 | D:2      | Reached skill level 1 in Slings
  1344 | D:2      | Reached skill level 1 in Bows
  1344 | D:2      | Reached skill level 1 in Crossbows
  1344 | D:2      | Reached skill level 1 in Throwing
  1344 | D:2      | Reached skill level 1 in Armour
  1344 | D:2      | Reached skill level 1 in Stealth
  1344 | D:2      | Reached skill level 1 in Shields
  1344 | D:2      | Reached skill level 1 in Unarmed Combat
  1344 | D:2      | Reached skill level 1 in Evocations
  1344 | D:2      | Reached XP level 4. HP: 40/41 MP: 9/11
  1538 | D:2      | Noticed a sky beast
  1545 | D:2      | Killed a sky beast
  1545 | D:2      | Reached skill level 1 in Conjurations
  1545 | D:2      | Reached skill level 1 in Hexes
  1545 | D:2      | Reached skill level 1 in Charms
  1545 | D:2      | Reached skill level 1 in Summonings
  1545 | D:2      | Reached skill level 1 in Necromancy
  1545 | D:2      | Reached skill level 1 in Translocations
  1545 | D:2      | Reached skill level 1 in Transmutations
  1545 | D:2      | Reached skill level 1 in Fire Magic
  1545 | D:2      | Reached skill level 1 in Ice Magic
  1545 | D:2      | Reached skill level 1 in Air Magic
  1545 | D:2      | Reached skill level 1 in Earth Magic
  1545 | D:2      | Reached skill level 1 in Poison Magic
  1545 | D:2      | Reached XP level 5. HP: 31/47 MP: 12/12
  1795 | D:2      | Noticed Terence
  1819 | D:2      | Killed Terence
  1821 | D:2      | Offered knowledge of Freeze by Vehumet.
  1837 | D:2      | Reached ** piety under Vehumet
  2206 | D:3      | Noticed Grinder
  2208 | D:3      | Paralysed by Grinder for 4 turns
  2231 | D:3      | Paralysed by Grinder for 4 turns
  2242 | D:3      | Paralysed by Grinder for 4 turns
  2271 | D:3      | Killed Grinder
  2271 | D:3      | Reached XP level 6. HP: 19/53 MP: 14/14
  2747 | D:3      | Found an opulent altar of Gozag.
  2751 | D:3      | Found a blossoming altar of Fedhas.
  2758 | D:3      | Found a bloodstained altar of Trog.
  3332 | D:4      | Noticed Sigmund
  3411 | D:4      | Found a staircase to the Ecumenical Temple.
  3436 | D:4      | Reached XP level 7. HP: 57/59 MP: 15/15
  3534 | D:4      | Killed Sigmund
  4741 | D:5      | Entered Level 5 of the Dungeon
  4810 | D:5      | Noticed Ijyb
  4843 | D:5      | Killed Ijyb
  5025 | D:5      | Noticed Edmund
  5041 | D:5      | Killed Edmund
  5041 | D:5      | Reached XP level 8. HP: 49/67 MP: 16/16
  5162 | D:5      | Noticed Eustachio
  5175 | D:5      | Killed Eustachio
  5514 | D:5      | Noticed Menkaure
  5584 | D:5      | Killed Menkaure
  5742 | D:5      | Offered knowledge of Conjure Flame by Vehumet.
  5752 | D:5      | Found a shimmering blue altar of Sif Muna.
  6029 | D:6      | Reached *** piety under Vehumet
  6060 | D:6      | Noticed Pikel
  6104 | D:5      | Killed Pikel
  6104 | D:5      | Reached XP level 9. HP: 17/73 MP: 18/18
  6830 | D:6      | Found a glowing silver altar of Zin.
  6830 | D:6      | Found an ornate altar of the Wu Jian Council.
  6835 | D:6      | Found a snail-covered altar of Cheibriados.
  6837 | D:6      | Found a shattered altar of Ashenzari.
  6838 | D:6      | Found a faded altar of an unknown god.
  7122 | D:7      | Noticed a red ugly thing
  7163 | D:7      | Noticed a hornet
  7179 | D:7      | Killed a hornet
  7402 | D:7      | Noticed Duvessa
  7461 | D:7      | Learned a level 3 spell: False Image
  7536 | D:7      | Found Laxkarug's Antique Armour Shoppe.
  7551 | D:7      | Reached skill level 5 in Invocations
  7617 | D:7      | Offered knowledge of Fulminant Prism by Vehumet.
  7910 | D:7      | Noticed Dowan
  7928 | D:7      | Killed Duvessa
  7936 | D:7      | Killed Dowan
  7936 | D:7      | Reached XP level 10. HP: 56/80 MP: 17/20
  8121 | D:7      | Mangled by a red ugly thing

Skill      XL: |  1  2  3  4  5  6  7  8  9 |
---------------+----------------------------+-----
Spellcasting   | 5 6 |  6.9
Invocations    | 1 2 3 4 5 |  5.1
Short Blades   | 1 2 4 |  4.7
Axes           | 1 2 4 |  4.7
Maces & Flails | 1 2 4 |  4.7
Polearms       | 1 2 4 |  4.7
Staves         | 1 2 4 |  4.7
Slings         | 1 2 4 |  4.7
Bows           | 1 2 4 |  4.7
Crossbows      | 1 2 4 |  4.7
Throwing       | 1 2 4 |  4.7
Armour         | 1 2 4 |  4.7
Stealth        | 1 2 4 |  4.7
Shields        | 1 2 4 |  4.7
Unarmed Combat | 1 2 4 |  4.7
Evocations     | 1 2 4 |  4.7
Conjurations   | 1 2 3 |  3.9
Hexes          | 1 2 3 |  3.9
Charms         | 1 2 3 |  3.9
Summonings     | 1 2 3 |  3.9
Necromancy     | 1 2 3 |  3.9
Translocations | 1 2 3 |  3.9
Transmutations | 1 2 3 |  3.9
Fire Magic     | 1 2 3 |  3.9
Ice Magic      | 1 2 3 |  3.9
Air Magic      | 1 2 3 |  3.9
Earth Magic    | 1 2 3 |  3.9
Poison Magic   | 1 2 3 |  3.9
Fighting       | 7 8 |  8.1
Long Blades    | 7 8 |  8.1
Dodging        | 7 8 |  8.1

Action                   |  1- 3 |  4- 6 |  7- 9 | 10-12 || total
-------------------------+-------+-------+-------+-------++-------
Melee: Long sword        |   128 |    95 |   118 |       ||   341
       Bite              |    10 |     9 |    34 |       ||    53
       Dagger            |       |    19 |    98 |     5 ||   122
       Unarmed           |       |       |     9 |       ||     9
       Staff             |       |       |    46 |       ||    46
Throw: Stone             |       |       |     2 |       ||     2
 Cast: Flame Tongue      |     1 |     3 |   127 |     2 ||   133
       False Image       |       |       |     4 |     1 ||     5
  Use: Potion            |     1 |     1 |     3 |       ||     5
       Scroll            |       |       |     2 |     1 ||     3
 Stab: Sleeping          |     2 |     1 |     1 |       ||     4
  Eat: Chunk             |     2 |     6 |     4 |       ||    12
       Ration            |       |       |     3 |       ||     3
Armor: Steam dragon scal |    24 |    15 |    47 |       ||    86
Dodge: Dodged            |    66 |    57 |   194 |     3 ||   320
Block: Buckler           |    24 |    19 |    70 |       ||   113
